ABL
ST. GEORGE DRAGONS @ GEELONG CATS
06/03/2022
 
TOP OF THE 1ST
St. George Dragons batting - Pitching for Geelong Cats : RHP Les Tyson
Pitching: RHP Les Tyson
Batting: LHB Redford Crosse 0-0: Ball
1-0: Called Strike
1-1: Ball
2-1: Ball
3-1: Base on Balls
Batting: SHB Daniel Lam 0-0: Called Strike
Redford Crosse steals 2nd base (no throw)
0-1: Called Strike
0-2: Ball
1-2: Ball
2-2: Ground out 4-3 (Groundball, 4, EV 97.5 MPH)
Redford Crosse to third
Batting: SHB Darren Sabin 0-0: Fly out, F8 (Flyball, 89M, EV 84.4 MPH)
Runner from 3rd tags up, OUT at HOME! 8-2
Top of the 1st over - 0 runs, 0 hits, 0 errors, 0 left on base; St. George 0 - Geelong 0
BOTTOM OF THE 1ST
Geelong Cats batting - Pitching for St. George Dragons : LHP Regin Johnston
Pitching: LHP Regin Johnston
Batting: RHB Brandon Horopapera 0-0: DOUBLE (Flyball, 8LXD, EV 93.8 MPH)
Batting: LHB Bradley Patu 0-0: Ball
1-0: Ball
2-0: Called Strike
2-1: Called Strike
2-2: Ball
3-2: Strikes out swinging
Batting: LHB Coty Teevan 0-0: Called Strike
0-1: Fly out, F8 (Flyball, 78M, EV 87.5 MPH)
Batting: RHB Brian Telfer 0-0: Called Strike
0-1: Ball
1-1: Ground out 4-3 (Groundball, 4, EV 103.1 MPH)
Bottom of the 1st over - 0 runs, 1 hit, 0 errors, 1 left on base; St. George 0 - Geelong 0
TOP OF THE 2ND
St. George Dragons batting - Pitching for Geelong Cats : RHP Les Tyson
Batting: RHB Kris Crowe 0-0: Ball
1-0: Ball
2-0: Called Strike
2-1: Ball
3-1: SOLO HOME RUN (Flyball, 7LD, EV 95.0 MPH), Distance : 341 ft
Batting: RHB Ray Emelio 0-0: Ball
1-0: SINGLE (Groundball, 4S, EV 72.5 MPH) (infield hit)
Batting: LHB Ben Etheridge 0-0: Called Strike
0-1: Ball
1-1: Swinging Strike
1-2: Strikes out swinging
Batting: RHB Jason Pearce 0-0: Called Strike
0-1: Called Strike
0-2: Ball
1-2: Strikes out swinging
Batting: LHB Regin Johnston 0-0: Ground out 5-3 (Groundball, 25, EV 86.3 MPH)
Top of the 2nd over - 1 run, 2 hits, 0 errors, 1 left on base; St. George 1 - Geelong 0
BOTTOM OF THE 2ND
Geelong Cats batting - Pitching for St. George Dragons : LHP Regin Johnston
Batting: RHB Brian Sellick 0-0: Called Strike
0-1: Ball
1-1: Ground out 6-3 (Groundball, 6, EV 106.9 MPH)
Batting: RHB Frederick Ella 0-0: Ball
1-0: Foul Ball, location: 2F
1-1: Ball
2-1: Fly out, F4 (Line Drive, 4, EV 66.3 MPH)
Batting: RHB Rusty Corey 0-0: Ball
1-0: Fly out, F9 (Flyball, 9LD, EV 110.6 MPH)
Bottom of the 2nd over - 0 runs, 0 hits, 0 errors, 0 left on base; St. George 1 - Geelong 0
TOP OF THE 3RD
St. George Dragons batting - Pitching for Geelong Cats : RHP Les Tyson
Batting: RHB Bill Orson 0-0: Ball
1-0: Foul Ball, location: 9LSF
1-1: Ground out 5-3 (Groundball, 56, EV 90.6 MPH)
Batting: LHB Redford Crosse 0-0: Called Strike
0-1: Ball
1-1: Ball
2-1: Ground out 4-3 (Groundball, 4D, EV 97.5 MPH)
Batting: SHB Daniel Lam 0-0: Called Strike
0-1: Ball
1-1: Called Strike
1-2: Foul Ball, location: 23F
1-2: Foul Ball, location: 25F
1-2: Fly out, F6 (Popup, 6, EV 53.1 MPH)
Top of the 3rd over - 0 runs, 0 hits, 0 errors, 0 left on base; St. George 1 - Geelong 0
BOTTOM OF THE 3RD
Geelong Cats batting - Pitching for St. George Dragons : LHP Regin Johnston
Batting: RHB Erik Lucking 0-0: Ball
1-0: Ball
2-0: Ball
3-0: Called Strike
3-1: Fly out, F7 (Line Drive, 7, EV 105.6 MPH)
Batting: RHB Les Tyson 0-0: Ground out 4-3 (Groundball, 4, EV 83.1 MPH)
Batting: RHB Brandon Horopapera 0-0: Ball
1-0: Ball
2-0: Ball
3-0: Base on Balls
Batting: LHB Bradley Patu 0-0: Fly out, F7 (Flyball, 7S, EV 85.6 MPH)
Bottom of the 3rd over - 0 runs, 0 hits, 0 errors, 1 left on base; St. George 1 - Geelong 0
TOP OF THE 4TH
St. George Dragons batting - Pitching for Geelong Cats : RHP Les Tyson
Batting: SHB Darren Sabin 0-0: SINGLE (Line Drive, 7S, EV 100.6 MPH)
Batting: RHB Kris Crowe 0-0: Grounds into double play, 6-4-3 (Groundball, 6, EV 84.4 MPH)
Batting: RHB Ray Emelio 0-0: Called Strike
0-1: Ground out 5-3 (Groundball, 5S, EV 87.5 MPH)
Top of the 4th over - 0 runs, 1 hit, 0 errors, 0 left on base; St. George 1 - Geelong 0
BOTTOM OF THE 4TH
Geelong Cats batting - Pitching for St. George Dragons : LHP Regin Johnston
Batting: LHB Coty Teevan 0-0: Called Strike
0-1: Foul Ball, location: 25F
0-2: Ball
1-2: Ball
2-2: Foul Ball, location: 2F
2-2: SINGLE (Line Drive, 78M, EV 101.3 MPH)
Batting: RHB Brian Telfer 0-0: Grounds into double play, 5-4-3 (Groundball, 56S, EV 96.3 MPH)
Batting: RHB Brian Sellick 0-0: Fly out, F8 (Line Drive, 89M, EV 98.8 MPH)
Bottom of the 4th over - 0 runs, 1 hit, 0 errors, 0 left on base; St. George 1 - Geelong 0
TOP OF THE 5TH
St. George Dragons batting - Pitching for Geelong Cats : RHP Les Tyson
Batting: LHB Ben Etheridge 0-0: SOLO HOME RUN (Flyball, 7D, EV 97.5 MPH), Distance : 383 ft
Batting: RHB Jason Pearce 0-0: Ball
1-0: Ground out 1-3 (Groundball, 15, EV 75.0 MPH)
Batting: LHB Regin Johnston 0-0: Ground out U3 (Groundball, 34, EV 86.9 MPH)
Batting: RHB Bill Orson 0-0: Ground out 3-1 (Groundball, 13, EV 86.9 MPH)
Top of the 5th over - 1 run, 1 hit, 0 errors, 0 left on base; St. George 2 - Geelong 0
BOTTOM OF THE 5TH
Geelong Cats batting - Pitching for St. George Dragons : LHP Regin Johnston
Batting: RHB Frederick Ella 0-0: Fly out, F4 (Popup, 4, EV 55.6 MPH)
Batting: RHB Rusty Corey 0-0: Ball
1-0: SINGLE (Line Drive, 7S, EV 95.0 MPH)
Batting: RHB Erik Lucking 0-0: Grounds into double play, 6-4-3 (Groundball, 6, EV 95.0 MPH)
Bottom of the 5th over - 0 runs, 1 hit, 0 errors, 0 left on base; St. George 2 - Geelong 0
TOP OF THE 6TH
St. George Dragons batting - Pitching for Geelong Cats : RHP Les Tyson
Batting: LHB Redford Crosse 0-0: Called Strike
0-1: Foul Ball, location: 3DF
0-2: SINGLE (Groundball, 4MD, EV 95.0 MPH)
Batting: SHB Daniel Lam 0-0: Ball
1-0: Sac Bunt to 5S - play at first, batter OUT! 5-3
Redford Crosse to second
Batting: SHB Darren Sabin 0-0: Ball
1-0: SINGLE (Line Drive, 56D, EV 95.0 MPH)
Redford Crosse to third
Runner from 3rd tries for Home, SAFE, throw by LF to home
Batting: RHB Kris Crowe 0-0: Called Strike
0-1: Ball
1-1: Ball
2-1: Foul Ball, location: 5FF
2-2: Ball
3-2: Foul Ball, location: 3DF
3-2: Foul Ball, location: 5SF
3-2: Fly out, F7 (Flyball, 78M, EV 96.9 MPH)
Batting: RHB Ray Emelio 0-0: Called Strike
0-1: Fly out, F9 (Line Drive, 9, EV 86.9 MPH)
Top of the 6th over - 1 run, 2 hits, 0 errors, 1 left on base; St. George 3 - Geelong 0
BOTTOM OF THE 6TH
Geelong Cats batting - Pitching for St. George Dragons : LHP Regin Johnston
Pinch Hitting: LHB Nik Budge 0-0: Fly out, F9 (Flyball, 9D, EV 106.3 MPH)
Batting: RHB Brandon Horopapera 0-0: Ball
1-0: Ball
2-0: Ball
3-0: Called Strike
3-1: Base on Balls
Batting: LHB Bradley Patu 0-0: Foul Ball, location: 3FF
0-1: Fielders Choice at 2nd, 6-4 (Groundball, 6, EV 80.6 MPH)
Batting: LHB Coty Teevan 0-0: Ball
Wild Pitch!
Bradley Patu to second
1-0: Foul Ball, location: 3F
1-1: Foul Ball, location: 5SF
1-2: Foul Ball, location: 23F
1-2: Ball
2-2: Foul Ball, location: 3F
2-2: Fly out, F7 (Flyball, 7, EV 84.4 MPH)
Bottom of the 6th over - 0 runs, 0 hits, 0 errors, 1 left on base; St. George 3 - Geelong 0
TOP OF THE 7TH
St. George Dragons batting - Pitching for Geelong Cats : RHP Les Tyson
Pitching: RHP Bob Ridley
Batting: LHB Ben Etheridge 0-0: Ball
1-0: Foul Ball, location: 7LSF
1-1: Called Strike
1-2: Ground out 4-3 (Groundball, 4, EV 90.6 MPH)
Batting: RHB Jason Pearce 0-0: Called Strike
0-1: Foul Ball, location: 2F
0-2: Ball
1-2: Ball
2-2: Ground out 6-3 (Groundball, 6, EV 105.0 MPH)
Batting: LHB Regin Johnston 0-0: Called Strike
0-1: Ball
1-1: Fly out, F9 (Line Drive, 9S, EV 93.1 MPH)
Top of the 7th over - 0 runs, 0 hits, 0 errors, 0 left on base; St. George 3 - Geelong 0
BOTTOM OF THE 7TH
Geelong Cats batting - Pitching for St. George Dragons : LHP Regin Johnston
Batting: RHB Brian Telfer 0-0: Called Strike
0-1: SINGLE (Line Drive, 78M, EV 98.1 MPH)
Batting: RHB Brian Sellick 0-0: Ball
1-0: Ground out 4-3 (Groundball, 34, EV 101.3 MPH)
Brian Telfer to second
Batting: RHB Frederick Ella 0-0: Called Strike
0-1: Ball
1-1: Foul Ball, location: 23F
1-2: Ground out 4-3 (Groundball, 4, EV 86.3 MPH)
Brian Telfer to third
Batting: RHB Rusty Corey 0-0: Ball
1-0: Foul Ball, location: 3FF
1-1: Ball
2-1: Foul Ball, location: 2F
2-2: Foul Ball, location: 2F
2-2: Foul Ball, location: 2F
2-2: Foul Ball, location: 2F
2-2: Foul Ball, location: 9LSFF
2-2: Strikes out swinging
Bottom of the 7th over - 0 runs, 1 hit, 0 errors, 1 left on base; St. George 3 - Geelong 0
TOP OF THE 8TH
St. George Dragons batting - Pitching for Geelong Cats : RHP Bob Ridley
Batting: RHB Bill Orson 0-0: Ground out 6-3 (Groundball, 6, EV 86.9 MPH)
Batting: LHB Redford Crosse 0-0: Foul Ball, location: 7LMF
0-1: Ball
1-1: Called Strike
1-2: Ground out 6-3 (Groundball, 6, EV 66.3 MPH)
Batting: SHB Daniel Lam 0-0: Called Strike
0-1: Swinging Strike
0-2: Fly out, F9 (Line Drive, 9, EV 92.5 MPH)
Top of the 8th over - 0 runs, 0 hits, 0 errors, 0 left on base; St. George 3 - Geelong 0
BOTTOM OF THE 8TH
Geelong Cats batting - Pitching for St. George Dragons : LHP Regin Johnston
Batting: RHB Erik Lucking 0-0: Ball
1-0: Foul Ball, location: 23FF
1-1: Ball
2-1: Ball
3-1: Base on Balls
Pinch Hitting: LHB Ben Kennard 0-0: Ball
1-0: Foul Ball, location: 25FF
1-1: Fly out, F3 (Line Drive, 34, EV 66.3 MPH)
Batting: RHB Brandon Horopapera 0-0: Ball
1-0: Fly out, F9 (Flyball, 9D, EV 92.5 MPH)
Batting: LHB Bradley Patu 0-0: Ball
1-0: Ball
2-0: Foul Ball, location: 5FF
2-1: Fly out, F8 (Flyball, 89D, EV 88.1 MPH)
Bottom of the 8th over - 0 runs, 0 hits, 0 errors, 1 left on base; St. George 3 - Geelong 0
TOP OF THE 9TH
St. George Dragons batting - Pitching for Geelong Cats : RHP Bob Ridley
Pitching: RHP Dominic Pyatt
Batting: SHB Darren Sabin 0-0: Ball
1-0: Called Strike
1-1: SINGLE (Flyball, 78M, EV 87.5 MPH)
Batting: RHB Kris Crowe Pickoff Throw to First - Out! 1-3 CS
0-0: Ball
1-0: Called Strike
1-1: Ball
2-1: Called Strike
2-2: Foul Ball, location: 7LDF
2-2: Fly out, F9 (Flyball, 89M, EV 81.3 MPH)
Batting: RHB Ray Emelio 0-0: Called Strike
0-1: Ball
1-1: Swinging Strike
1-2: Ground out 4-3 (Groundball, 4, EV 89.4 MPH)
Top of the 9th over - 0 runs, 1 hit, 0 errors, 0 left on base; St. George 3 - Geelong 0
BOTTOM OF THE 9TH
Geelong Cats batting - Pitching for St. George Dragons : LHP Regin Johnston
Pitching: RHP Ron Brennan
Now at 1B: Jason Pearce
Now at 2B: Frank Scott
Now in RF: Lenny Pullen
Batting: LHB Coty Teevan 0-0: Ball
1-0: Swinging Strike
1-1: Called Strike
1-2: Ball
2-2: Ball
3-2: Base on Balls
Pinch Hitting: LHB Freddy Marley 0-0: Ball
1-0: Foul Ball, location: 3FF
1-1: Swinging Strike
1-2: Strikes out swinging
Batting: RHB Brian Sellick 0-0: Ball
1-0: Ball
2-0: Called Strike
2-1: Fielders Choice at 2nd, 5-4 (Groundball, 5, EV 86.9 MPH)
Batting: RHB Frederick Ella 0-0: Called Strike
0-1: Ball
1-1: SINGLE (Groundball, 4MD, EV 99.4 MPH)
Brian Sellick to second
Batting: RHB Rusty Corey 0-0: Foul Ball, location: 9LDF
0-1: Swinging Strike
0-2: Ball
1-2: Fielders Choice at 2nd, 6-4 (Groundball, 6, EV 91.3 MPH)
Bottom of the 9th over - 0 runs, 1 hit, 0 errors, 2 left on base; St. George 3 - Geelong 0
Thursday, May 2nd , 2024 - OOTP Baseball 24.9 Build 80